TOP OF THE 1ST |
---|
Birmingham Barons batting - Pitching for Detroit X-Wings : RHP Carlos Díaz | Pitching: RHP Carlos Díaz | | Batting: LHB Marcos Féliz | 0-0: Ball 1-0: Fly out, F7 (Flyball, 78S) | Batting: RHB José Montoya | 0-0: Ground out 6-3 (Groundball, 6) | Batting: LHB Al Gaines | 0-0: Called Strike 0-1: Foul Ball, location: 2F 0-2: Ball 1-2: Ball 2-2: Fly out, F4 (Line Drive, 4M) | Top of the 1st over - 0 runs, 0 hits, 0 errors, 0 left on base; Birmingham 0 - Detroit 0 | BOTTOM OF THE 1ST |
---|
Detroit X-Wings batting - Pitching for Birmingham Barons : RHP Pedro Valdés | Pitching: RHP Pedro Valdés | | Batting: RHB Sean White | 0-0: Reached on error, E5 (Groundball, 56S) | Batting: RHB José Pérez | 0-0: Ball 1-0: Ball 2-0: Swinging Strike 2-1: Ball 3-1: Ground out 5-3 (Groundball, 56S) Sean White to third | Batting: SHB Javier Jiménez | 0-0: Ball 1-0: Called Strike 1-1: SINGLE (Groundball, 34D) Sean White scores | Batting: SHB Barrett Bowden | 0-0: Ball 1-0: Foul Ball, location: 2F 1-1: Ball 2-1: SINGLE (Line Drive, 89S) Javier Jiménez to second Runner from 2nd tries for 3rd, SAFE, no throw | Batting: RHB Oliver Acevedo | 0-0: Ball 1-0: Swinging Strike 1-1: Foul Ball, location: 2F 1-2: Foul Ball, location: 2F 1-2: Foul Ball, location: 2F 1-2: Strikes out swinging | Batting: LHB Garrett King | 0-0: Ball 1-0: DOUBLE (Line Drive, 9LM) Javier Jiménez scores Barrett Bowden to third Runner from 3rd tries for Home, SAFE, throw made at trailing runner, OUT at third! | Bottom of the 1st over - 3 runs, 3 hits, 1 error, 0 left on base; Birmingham 0 - Detroit 3 | TOP OF THE 2ND |
---|
Birmingham Barons batting - Pitching for Detroit X-Wings : RHP Carlos Díaz | Batting: RHB Bryant von Bohlen | 0-0: Ball 1-0: Swinging Strike 1-1: Foul Ball, location: 2F 1-2: Fly out, F7 (Line Drive, 7) | Batting: LHB Robinson López | 0-0: Called Strike 0-1: Foul Ball, location: 2F 0-2: Ball 1-2: Foul Ball, location: 2F 1-2: Ball 2-2: SINGLE (Flyball, 7LS) | Batting: RHB Carlos Vásquez | 0-0: Called Strike 0-1: Ground out 6-3 (Groundball, 6S) Robinson López to second | Batting: RHB Warren Martin | 0-0: Ball 1-0: DOUBLE (Line Drive, 89M) Robinson López scores | Batting: RHB Juan Jiménez | 0-0: Ball 1-0: Ball 2-0: Called Strike 2-1: Ball 3-1: Base on Balls | Batting: LHB John Haney | 0-0: Ball 1-0: Swinging Strike 1-1: SINGLE (Groundball, 34S) (infield hit) Warren Martin to third Juan Jiménez to second | Batting: LHB Marcos Féliz | 0-0: Ground out 1-3 (Groundball, P) | Top of the 2nd over - 1 run, 3 hits, 0 errors, 3 left on base; Birmingham 1 - Detroit 3 | BOTTOM OF THE 2ND |
---|
Detroit X-Wings batting - Pitching for Birmingham Barons : RHP Pedro Valdés | Batting: SHB Felipe Detorres | 0-0: SINGLE (Groundball, 34D) | Batting: RHB Raúl Flores | 0-0: Called Strike 0-1: Ball 1-1: Foul Ball, location: 2F 1-2: Fly out, F2 (Popup, 2RF) | Batting: RHB Yoshitsune Kamida | 0-0: Swinging Strike Pickoff Throw by Catcher to First - Out! 0-1: Ground out 1-3 (Groundball, 15) | Bottom of the 2nd over - 0 runs, 1 hit, 0 errors, 0 left on base; Birmingham 1 - Detroit 3 | TOP OF THE 3RD |
---|
Birmingham Barons batting - Pitching for Detroit X-Wings : RHP Carlos Díaz | Batting: RHB José Montoya | 0-0: Called Strike 0-1: Called Strike 0-2: Ground out 5-3 (Groundball, 56) | Batting: LHB Al Gaines | 0-0: Called Strike 0-1: Swinging Strike 0-2: Foul Ball, location: 2F 0-2: Ball 1-2: Foul Ball, location: 2F 1-2: SINGLE (Line Drive, 89S) | Batting: RHB Bryant von Bohlen | 0-0: Called Strike 0-1: Ball 1-1: SINGLE (Groundball, 6MD) Al Gaines to second | Batting: LHB Robinson López | 0-0: Ball 1-0: Foul Ball, location: 2F 1-1: Foul Ball, location: 2F 1-2: Ball 2-2: Ball 3-2: Fly out, F7 (Flyball, 7D) | Batting: RHB Carlos Vásquez | 0-0: Ball 1-0: Foul Ball, location: 2F 1-1: Ball 2-1: Foul Ball, location: 2F 2-2: Ball 3-2: Base on Balls Al Gaines to third Bryant von Bohlen to second | Batting: RHB Warren Martin | 0-0: Called Strike 0-1: Ball 1-1: Fly out, F8 (Flyball, 8RD) | Top of the 3rd over - 0 runs, 2 hits, 0 errors, 3 left on base; Birmingham 1 - Detroit 3 | BOTTOM OF THE 3RD |
---|
Detroit X-Wings batting - Pitching for Birmingham Barons : RHP Pedro Valdés | Batting: RHB Sean White | 0-0: Reached on error, E4 (Popup, 34) | Batting: RHB José Pérez | 0-0: SINGLE (Line Drive, 8LS) Sean White to second | Batting: SHB Javier Jiménez | 0-0: Ball 1-0: Foul Ball, location: 2F 1-1: Foul Ball, location: 2F 1-2: 3-RUN HOME RUN (Flyball, 9LD), Distance : 342 ft | Batting: SHB Barrett Bowden | 0-0: Ball 1-0: Ball 2-0: Ball 3-0: Called Strike 3-1: Base on Balls | Batting: RHB Oliver Acevedo | 0-0: Fly out, F8 (Flyball, 8RD) | Batting: LHB Garrett King | 0-0: Ball 1-0: Called Strike 1-1: Swinging Strike 1-2: Foul Ball, location: 2F 1-2: SINGLE (Flyball, 9LS) Barrett Bowden to second Runner from 2nd tries for 3rd, SAFE, no throw | Batting: SHB Felipe Detorres | 0-0: Grounds into double play, 4-6-3 (Groundball, 4) | Bottom of the 3rd over - 3 runs, 3 hits, 1 error, 1 left on base; Birmingham 1 - Detroit 6 | TOP OF THE 4TH |
---|
Birmingham Barons batting - Pitching for Detroit X-Wings : RHP Carlos Díaz | Batting: RHB Juan Jiménez | 0-0: Ball 1-0: Foul Ball, location: 2F 1-1: Ground out 6-3 (Groundball, 6M) | Batting: LHB John Haney | 0-0: Ball 1-0: Swinging Strike 1-1: Ground out 3-1 (Groundball, 34S) | Batting: LHB Marcos Féliz | 0-0: SINGLE (Flyball, 56D) | Batting: RHB José Montoya | 0-0: Ball 1-0: Called Strike 1-1: Swinging Strike 1-2: Strikes out swinging | Top of the 4th over - 0 runs, 1 hit, 0 errors, 1 left on base; Birmingham 1 - Detroit 6 | BOTTOM OF THE 4TH |
---|
Detroit X-Wings batting - Pitching for Birmingham Barons : RHP Pedro Valdés | Batting: RHB Raúl Flores | 0-0: Called Strike 0-1: Ball 1-1: Ball 2-1: Ball 3-1: Fly out, F9 (Flyball, 9S) | Batting: RHB Yoshitsune Kamida | 0-0: Called Strike 0-1: Called Strike 0-2: Ball 1-2: Foul Ball, location: 2F 1-2: Strikes out swinging | Batting: RHB Sean White | 0-0: Ball 1-0: Ball 2-0: Ball 3-0: Called Strike 3-1: SOLO HOME RUN (Flyball, 7LD), Distance : 362 ft | Batting: RHB José Pérez | 0-0: Ball 1-0: Ball 2-0: Ball 3-0: Called Strike 3-1: Fly out, F8 (Flyball, 8LM) | Bottom of the 4th over - 1 run, 1 hit, 0 errors, 0 left on base; Birmingham 1 - Detroit 7 | TOP OF THE 5TH |
---|
Birmingham Barons batting - Pitching for Detroit X-Wings : RHP Carlos Díaz | Batting: LHB Al Gaines | 0-0: Ball 1-0: Foul Ball, location: 2F 1-1: Fly out, F9 (Flyball, 9D) | Batting: RHB Bryant von Bohlen | 0-0: Called Strike 0-1: Foul Ball, location: 2F 0-2: Ball 1-2: Ball 2-2: Fly out, F5 (Line Drive, 5) | Now at 3B: Domingo Ávila | | Batting: LHB Robinson López | 0-0: Called Strike 0-1: Ball 1-1: Swinging Strike 1-2: Strikes out looking | Top of the 5th over - 0 runs, 0 hits, 0 errors, 0 left on base; Birmingham 1 - Detroit 7 | BOTTOM OF THE 5TH |
---|
Detroit X-Wings batting - Pitching for Birmingham Barons : RHP Pedro Valdés | Batting: SHB Javier Jiménez | 0-0: Ball 1-0: Ball 2-0: Ball 3-0: Base on Balls | Batting: SHB Barrett Bowden | 0-0: Called Strike 0-1: Foul Ball, location: 2F 0-2: Ball 1-2: Strikes out swinging | Batting: RHB Oliver Acevedo | 0-0: Called Strike 0-1: Foul Ball, location: 2F 0-2: Ball 1-2: Ground out 4-3 (Groundball, 34) Javier Jiménez to second | Batting: LHB Garrett King | 0-0: Ball 1-0: Ball 2-0: Called Strike 2-1: Called Strike 2-2: Ball 3-2: Foul Ball, location: 2F 3-2: Fly out, F8 (Flyball, 8RM) | Bottom of the 5th over - 0 runs, 0 hits, 0 errors, 1 left on base; Birmingham 1 - Detroit 7 | TOP OF THE 6TH |
---|
Birmingham Barons batting - Pitching for Detroit X-Wings : RHP Carlos Díaz | Batting: RHB Carlos Vásquez | 0-0: Swinging Strike 0-1: Ball 1-1: Ball 2-1: Ball 3-1: Swinging Strike 3-2: SINGLE (Groundball, 6MD) | Batting: RHB Warren Martin | 0-0: Called Strike 0-1: Ball Carlos Vásquez steals 2nd base 1-1: Foul Ball, location: 2F 1-2: Ball 2-2: Ball 3-2: Base on Balls | Pitching: LHP Richard Dorris | | Batting: RHB Juan Jiménez | 0-0: Ball 1-0: Called Strike 1-1: Ball 2-1: Grounds into double play, 1-6-3 (Groundball, 13) Carlos Vásquez to third | Batting: LHB John Haney | 0-0: Ball 1-0: Ground out 4-3 (Groundball, 4) | Top of the 6th over - 0 runs, 1 hit, 0 errors, 1 left on base; Birmingham 1 - Detroit 7 | BOTTOM OF THE 6TH |
---|
Detroit X-Wings batting - Pitching for Birmingham Barons : RHP Pedro Valdés | Batting: RHB Domingo Ávila | 0-0: Ball 1-0: Fly out, F8 (Line Drive, 8LS) | Batting: RHB Raúl Flores | 0-0: Ball 1-0: Called Strike 1-1: Called Strike 1-2: Strikes out swinging | Batting: RHB Yoshitsune Kamida | 0-0: Ball 1-0: Ball 2-0: Called Strike 2-1: Called Strike 2-2: Ground out 1-3 (Groundball, 13S) | Bottom of the 6th over - 0 runs, 0 hits, 0 errors, 0 left on base; Birmingham 1 - Detroit 7 | TOP OF THE 7TH |
---|
Birmingham Barons batting - Pitching for Detroit X-Wings : LHP Richard Dorris | Batting: LHB Marcos Féliz | 0-0: Reached on error, E5 (Groundball, 5L) | Batting: RHB José Montoya | 0-0: Ball 1-0: Ball 2-0: Called Strike 2-1: SINGLE (Line Drive, 56D) Marcos Féliz to second | Batting: LHB Al Gaines | 0-0: Called Strike 0-1: Ball 1-1: SINGLE (Groundball, 34D) Marcos Féliz to third José Montoya to second Runner from 3rd tries for Home, SAFE, no throw | Batting: RHB Bryant von Bohlen | 0-0: Grounds into double play, 3-6-1 (Groundball, 3) José Montoya to third | Batting: LHB Robinson López | 0-0: Called Strike 0-1: Swinging Strike 0-2: SINGLE (Groundball, 6D) José Montoya scores | Batting: RHB Carlos Vásquez | 0-0: Called Strike 0-1: Ball 1-1: Fielders Choice at 2nd, 6-4 (Groundball, 6) | Top of the 7th over - 2 runs, 3 hits, 1 error, 1 left on base; Birmingham 3 - Detroit 7 | BOTTOM OF THE 7TH |
---|
Detroit X-Wings batting - Pitching for Birmingham Barons : RHP Pedro Valdés | Batting: RHB Sean White | 0-0: Foul Ball, location: 2F 0-1: Swinging Strike 0-2: Ball 1-2: Foul Ball, location: 2F 1-2: Foul Ball, location: 2F 1-2: Ball 2-2: Foul Ball, location: 2F 2-2: Fly out, F7 (Flyball, 7D) | Batting: RHB José Pérez | 0-0: Ball 1-0: Ball 2-0: Called Strike 2-1: Swinging Strike 2-2: Ball 3-2: Strikes out swinging | Batting: SHB Javier Jiménez | 0-0: Ball 1-0: Ball 2-0: Ball 3-0: Called Strike 3-1: Base on Balls | Batting: SHB Barrett Bowden | 0-0: Foul Ball, location: 2F 0-1: Foul Ball, location: 2F 0-2: DOUBLE (Line Drive, 8RD) Javier Jiménez to third Runner from 3rd tries for Home, throw and OUT! | Bottom of the 7th over - 0 runs, 1 hit, 0 errors, 1 left on base; Birmingham 3 - Detroit 7 | TOP OF THE 8TH |
---|
Birmingham Barons batting - Pitching for Detroit X-Wings : LHP Richard Dorris | Batting: RHB Warren Martin | 0-0: Ball 1-0: Ball 2-0: SINGLE (Flyball, 7LS) | Batting: RHB Juan Jiménez | 0-0: Ball 1-0: 2-RUN HOME RUN (Line Drive, 7D), Distance : 390 ft | Pitching: RHP Dylan Versluis | | Batting: LHB John Haney | 0-0: SINGLE (Groundball, 34D) | Batting: LHB Marcos Féliz | 0-0: Ball 1-0: Called Strike 1-1: Hit by Pitch John Haney to second | Batting: RHB José Montoya | | Pinch Hitting: LHB José Rivera | 0-0: Ball Wild Pitch! John Haney to third Marcos Féliz to second 1-0: Ball 2-0: Called Strike 2-1: Swinging Strike 2-2: Strikes out swinging | Batting: LHB Al Gaines | 0-0: Called Strike 0-1: Ball 1-1: Foul Ball, location: 2F 1-2: Fly out, F4 (Line Drive, 4) | Batting: RHB Bryant von Bohlen | 0-0: Ball 1-0: Ball 2-0: Swinging Strike 2-1: Ball 3-1: Base on Balls | Batting: LHB Robinson López | 0-0: Ball 1-0: Called Strike 1-1: Foul Ball, location: 2F 1-2: Ball 2-2: Strikes out swinging | Top of the 8th over - 2 runs, 3 hits, 0 errors, 3 left on base; Birmingham 5 - Detroit 7 | BOTTOM OF THE 8TH |
---|
Detroit X-Wings batting - Pitching for Birmingham Barons : RHP Pedro Valdés | Now at 2B: Dave Dawson | | Batting: RHB Oliver Acevedo | 0-0: Ball 1-0: Foul Ball, location: 2F 1-1: Ball 2-1: Ball 3-1: Base on Balls | Batting: LHB Garrett King | 0-0: Swinging Strike 0-1: Ball 1-1: Ground out U3 (Groundball, 34S) Oliver Acevedo to second | Batting: RHB Domingo Ávila | 0-0: Ball 1-0: Ball 2-0: Ball 3-0: Base on Balls | Pinch Hitting: LHB Chris Loudermilk | 0-0: Fly out, F8 (Flyball, 8RM) | Batting: RHB Yoshitsune Kamida | 0-0: Foul Ball, location: 2F 0-1: Fly out, F7 (Flyball, 7S) | Bottom of the 8th over - 0 runs, 0 hits, 0 errors, 2 left on base; Birmingham 5 - Detroit 7 | TOP OF THE 9TH |
---|
Birmingham Barons batting - Pitching for Detroit X-Wings : RHP Dylan Versluis | Pitching: RHP Charlie Alexander | | Now in CF: Chris Loudermilk | | Batting: RHB Carlos Vásquez | 0-0: Ball 1-0: DOUBLE (Line Drive, 8LXD) | Batting: RHB Warren Martin | 0-0: Ball 1-0: Ball 2-0: Swinging Strike 2-1: Ball 3-1: Base on Balls | Batting: RHB Juan Jiménez | 0-0: Bunted foul 0-1: Bunted foul 0-2: Ball 1-2: Ball 2-2: Foul Ball, location: 2F 2-2: Foul Ball, location: 2F 2-2: Strikes out looking | Batting: LHB John Haney | 0-0: Fly out, F3 (Line Drive, 3) | Pinch Hitting: SHB Orlando Aguilar | 0-0: Ball 1-0: Ball 2-0: Swinging Strike 2-1: Foul Ball, location: 2F 2-2: SINGLE (Groundball, 34D) Carlos Vásquez to third Warren Martin to second | Pinch Hitting: LHB Curt Walker | 0-0: Called Strike 0-1: Fly out, F9 (Flyball, 89XD) | Top of the 9th over - 0 runs, 2 hits, 0 errors, 3 left on base; Birmingham 5 - Detroit 7 | |